 Dungeon Crawl Stone Soup version 0.19-a0-1021-g80cc50c (webtiles) character file.

11615 Ijustatesigmund the Fighter (level 11, 0/90 HPs)
             Began as a Demonspawn Berserker on July 27, 2016.
             Was a High Priest of Trog.
             Slain by an orc
             ... wielding a +0 whip
              (4 damage)
             ... on level 11 of the Dungeon.
             The game lasted 00:28:32 (10745 turns).

Ijustatesigmund the Fighter (Demonspawn Berserker) Turns: 10745, Time: 00:28:33

Health: 0/90       AC: -1    Str: 18    XL:     11   Next: 51%
Magic:  11/11      EV: 11    Int:  9    God:    Trog [*****.]
Gold:   551        SH:  5    Dex: 15    Spells: 0 memorised, 10 levels left

rFire  + . .     SeeInvis +     H - +2 war axe
rCold  + . .     Gourm    .     t - +5 chain mail {rC+}
rNeg   . . .     Faith    +     J - +0 buckler (curse)
rPois  .         Spirit   .     (helmet unavailable)
rElec  .         Dismiss  .     p - +1 cloak
rCorr  .         Reflect  .     h - +1 pair of gloves
SustAt .         Harm     .     (no boots)
MR     .....                    w - amulet of faith
Stlth  ..........               i - ring of see invisible
                                e - ring of protection from fire

@: exhausted, corroded, slowed, studying Slings, very slow, not resistant to
hostile enchantments, extremely unstealthy
A: horns 3, thin metallic scales 1, demonic guardian 1, powered by death 3
a: Berserk, Trog's Hand, Brothers in Arms, Burn Spellbooks, Renounce Religion


You were on level 11 of the Dungeon.
You worshipped Trog.
Trog was extremely pleased with you.
You were very hungry.

You visited 1 branch of the dungeon, and saw 11 of its levels.
You also visited: Ossuary.

You collected 551 gold pieces.

Inventory:

Hand Weapons
 m - a +2 battleaxe
 G - a +2 vampiric hand axe
 H - a +2 war axe (weapon)
Armour
 h - a +1 pair of gloves (worn)
 p - a +1 cloak (worn)
 t - a +5 chain mail of cold resistance (worn)
 J - a cursed +0 buckler (worn)
Jewellery
 e - a ring of protection from fire (left hand)
 i - a ring of see invisible (right hand)
 w - an amulet of faith (around neck)
Wands
 D - a wand of lightning (8/15)
 E - a wand of paralysis (12/24)
 F - a wand of confusion (9/48)
Scrolls
 j - 3 scrolls of enchant armour
 l - 2 scrolls of recharging
 q - 2 scrolls of magic mapping
 r - 3 scrolls of enchant weapon
 u - 3 scrolls of teleportation
 x - 4 scrolls of remove curse
 y - a scroll of immolation
Potions
 b - 5 potions of might
 d - 4 potions of flight
 g - 3 potions of lignification
 k - 2 potions of haste
 n - 8 potions of curing
 o - a potion of cancellation
 s - a potion of heal wounds
 v - 2 potions of agility
 z - a potion of magic
 A - 2 potions of brilliance
 I - 2 potions of invisibility {unknown}
Books
 a - a manual of Slings
Comestibles
 c - 11 bread rations
 f - 4 meat rations
 B - 2 fruits
 C - 4 slices of pizza


   Skills:
 - Level 9.7 Fighting
 - Level 9.6 Axes
 - Level 7.9 Armour
 - Level 7.6 Dodging
 + Level 4.3 Shields


You had 10 spell levels left.
You didn't know any spells.

Dungeon Overview and Level Annotations

Branches:
Dungeon (11/15)            Temple (0/1) D:6            Lair (0/6) D:10
    Orc (0/2) D:9

Altars:
Ashenzari
Cheibriados
Dithmenos
Elyvilon
Hepliaklqana
Kikubaaqudgha
Pakellas
Qazlal
Sif Muna
Vehumet
Xom
Zin
The Shining One

Shops:
D:3 *

Annotations:
D:11 exclusion: obsidian statue


Innate Abilities, Weirdness & Mutations

You have a pair of large horns on your head.
You are partially covered in thin metallic scales. (AC +2)
A weak demonic guardian rushes to your aid.
You regenerate a lot of health from kills.


Message History

Okay, then.
You feel much better.
The orc hits you with a falchion of holy wrath!
* * * LOW HITPOINT WARNING * * *
You convulse.
* * * LOW HITPOINT WARNING * * *
The orc hits you.
* * * LOW HITPOINT WARNING * * *
The orc hits you with a whip.
* * * LOW HITPOINT WARNING * * *
The orc hits you but does no damage.
You feel much better.
The orc hits you with a falchion of holy wrath!
* * * LOW HITPOINT WARNING * * *
You convulse.
* * * LOW HITPOINT WARNING * * *
The orc hits you.
* * * LOW HITPOINT WARNING * * *
The orc hits you with a whip.
You die...

#########
#..oo@oo#
#..o#ooo+
#...#ggg#
#...#gg.#
#...#g..+
#...#...#
##+######


You could see 8 orcs and 6 hobgoblins.

Vanquished Creatures
  A fire dragon (D:10)
  An unseen horror (D:7)
  2 hill giants (D:10)
  A cyclops (D:10)
  Joseph (D:7)
  A gargoyle (D:10)
  A troll (D:10)
  2 two-headed ogres
  Sigmund (D:5)
  4 yaks
  The ghost of poirepourri the Magician, an amateur DECj (D:4)
  A wraith (D:10)
  A human (D:7)
  A vampire (D:9)
  A steam dragon (D:7)
  A hungry ghost (D:7)
  Edmund (D:4)
  3 ice beasts
  3 orc warriors
  A sky beast (D:7)
  5 ogres
  3 phantoms
  2 necrophages
  7 centaurs
  4 big kobolds
  3 giant frogs
  A gnoll sergeant (D:9)
  2 scorpions
  A water moccasin skeleton (D:4)
  3 killer bees (D:10)
  5 howler monkeys
  9 wights
  An electric eel (D:7)
  A centaur zombie (Ossuary)
  4 giant frog zombies
  9 hounds
  Crazy Yiuf (D:2)
  2 gnoll shamans (D:9)
  5 orc priests
  3 centaur skeletons
  3 jellies
  11 orc wizards
  2 giant frog skeletons
  2 iguanas
  7 mummies (Ossuary)
  Terence (D:2)
  3 worker ants
  A killer bee zombie (Ossuary)
  3 sheep (D:7)
  3 hound zombies
  A howler monkey zombie (Ossuary)
  5 worker ant zombies
  9 gnolls (D:9)
  9 adders
  2 shadow imps
  An ooze (D:4)
  4 adder zombies
  2 worms (D:2)
  2 dart slugs
  3 giant geckos
  49 orcs
  9 giant cockroaches
  2 goblins (D:1)
  12 hobgoblins
  6 jackals
  20 kobolds
  5 quokkas
  2 bats
  5 giant newts
  A jackal zombie (D:5)
  2 quokka zombies (Ossuary)
  7 rats
294 creatures vanquished.

Vanquished Creatures (collateral kills)
  A two-headed ogre (D:9)
  A yak (D:9)
  An orc warrior (D:9)
  An ice beast (D:7)
  An ogre (D:7)
  A giant frog (D:6)
  A water moccasin zombie (Ossuary)
  3 wights
  A howler monkey (D:8)
  An orc wizard (D:9)
  4 orcs
16 creatures vanquished.

Vanquished Creatures (others)
  4 toadstools (D:1)
  A withered plant (Ossuary)
5 creatures vanquished.

Grand Total: 315 creatures vanquished

Notes
Turn   | Place    | Note
-------+----------+-------------------------------------------
     0 | D:1      | Ijustatesigmund the Demonspawn Berserker began the quest for the Orb.
     0 | D:1      | Reached XP level 1. HP: 18/18 MP: 1/1
   381 | D:1      | Gained mutation: You regenerate a little health from kills. [demonic ancestry]
   381 | D:1      | Reached XP level 2. HP: 17/24 MP: 2/2
   970 | D:1      | You fall through a shaft!
  1064 | D:2      | Gained mutation: You regenerate health from kills. [demonic ancestry]
  1064 | D:2      | Reached XP level 3. HP: 29/29 MP: 3/3
  1112 | D:2      | Found a deep blue altar of Sif Muna.
  1131 | D:2      | Found an oddly glowing altar of Pakellas.
  1278 | D:2      | Noticed Terence
  1292 | D:2      | Killed Terence
  1690 | D:2      | Reached ** piety under Trog
  1690 | D:2      | Gained mutation: A weak demonic guardian rushes to your aid. [demonic ancestry]
  1690 | D:2      | Reached XP level 4. HP: 32/37 MP: 4/4
  1778 | D:2      | Found a runed door.
  1782 | D:2      | Noticed Crazy Yiuf
  1791 | D:2      | Killed Crazy Yiuf
  2100 | D:3      | Gained mutation: You are partially covered in thin metallic scales. (AC +2) [demonic ancestry]
  2100 | D:3      | Reached XP level 5. HP: 15/42 MP: 5/5
  2541 | D:3      | Found Zin's Purification Station.
  2545 | D:3      | Found a glowing silver altar of Zin.
  2658 | D:3      | Reached skill level 5 in Axes
  2701 | D:3      | HP: 2/43 [poisoned by an orc]
  3312 | D:4      | Noticed poirepourri's ghost (amateur DECj)
  3352 | D:4      | Killed poirepourri's ghost
  3352 | D:4      | Reached skill level 5 in Fighting
  3352 | D:4      | Reached XP level 6. HP: 44/51 MP: 6/6
  3625 | D:4      | Noticed Edmund
  3626 | D:4      | Found a hazy altar of Hepliaklqana.
  3635 | D:4      | Killed Edmund
  3635 | D:4      | Gained mutation: You have a pair of small horns on your head. [demonic ancestry]
  3635 | D:4      | Reached XP level 7. HP: 56/56 MP: 7/7
  3895 | D:5      | Entered Level 5 of the Dungeon
  4020 | D:5      | Reached *** piety under Trog
  4140 | D:5      | Found a stormy altar of Qazlal.
  4574 | D:5      | Noticed Sigmund
  4586 | D:5      | Killed Sigmund
  4586 | D:5      | Reached XP level 8. HP: 61/64 MP: 8/8
  4940 | D:6      | Noticed a two-headed ogre
  4944 | D:6      | Killed a two-headed ogre
  4974 | D:6      | Found a snail-covered altar of Cheibriados.
  4985 | D:6      | Found a sand-covered staircase.
  4994 | Ossuary  | Entered an ossuary
  5461 | D:6      | Reached skill level 5 in Armour
  5584 | D:6      | Found a shadowy altar of Dithmenos.
  5596 | D:6      | Found a staircase to the Ecumenical Temple.
  5622 | D:6      | Gained mutation: You regenerate a lot of health from kills. [demonic ancestry]
  5622 | D:6      | Reached XP level 9. HP: 61/72 MP: 9/9
  6234 | D:7      | Found a glowing golden altar of the Shining One.
  6314 | D:7      | Reached **** piety under Trog
  6314 | D:7      | Reached skill level 5 in Dodging
  6528 | D:7      | Noticed Joseph
  6553 | D:7      | Killed Joseph
  6758 | D:7      | Gained mutation: You have a pair of horns on your head. [demonic ancestry]
  6758 | D:7      | Reached XP level 10. HP: 79/79 MP: 10/10
  7002 | D:7      | Noticed an unseen horror
  7009 | D:7      | Killed an unseen horror
  7249 | D:8      | Found an ancient bone altar of Kikubaaqudgha.
  7268 | D:8      | Found a shimmering altar of Xom.
  7268 | D:8      | Found a white marble altar of Elyvilon.
  7482 | D:8      | Found a shattered altar of Ashenzari.
  8055 | D:9      | Found a radiant altar of Vehumet.
  8097 | D:9      | Reached ***** piety under Trog
  8507 | D:9      | Identified a scroll of acquirement
  8522 | D:9      | Received a gift from Trog
  9119 | D:9      | Found a staircase to the Orcish Mines.
  9369 | D:10     | Entered Level 10 of the Dungeon
  9373 | D:10     | Gained mutation: You have a pair of large horns on your head. [demonic ancestry]
  9373 | D:10     | Reached XP level 11. HP: 89/89 MP: 11/11
  9492 | D:10     | Noticed a fire dragon
  9499 | D:10     | Killed a fire dragon
  9965 | D:10     | Reached skill level 1 in Shields
  9988 | D:10     | Noticed a hill giant
 10002 | D:10     | Killed a hill giant
 10242 | D:10     | Found a staircase to the Lair.
 10254 | D:10     | Noticed a hill giant
 10264 | D:10     | Killed a hill giant
 10710 | D:11     | Noticed an obsidian statue
 10743 | D:11     | HP: 4/90 [orc/whip (3)]
 10745 | D:11     | Slain by an orc

Vault maps used:
D:1:      ldierk_walled_garden_2
D:2:      grunt_pakellas_basics, lemuel_doored_altar, uniq_terence,
          uniq_crazy_yiuf_cottage
D:3:      zin_purify, first_bread
D:4:      old_standard_altar, uniq_edmund
D:5:      nicolae_qazlal_general_emergency, uniq_sigmund
D:6:      nicolae_dithmenos_shadow_blocks, cheibriados_altar_1,
          lightli_ossuary_entry_decrepit_ruins
D:7:      old_standard_altar, grunt_livestock, minivault_14, uniq_joseph
D:8:      kennysheep_mini_moat, cheibrodos_ashenzari_chains,
          nicolae_overflow_hidden_temple
D:9:      kennysheep_housing_project, vehumet_crystals, hiddenorc1_lemuel
D:10:     minmay_wavy_crystal, lair_0_dummy
D:11:     cheibrodos_orc_bank, serial_shops, kennysheep_mini,
          hangedman_abyss_or_decor_slice, moated_statue, minivault_16,
          uniq_maurice, uniq_gastronok, uniq_erolcha
Ossuary:  ossuary_zaba_flooded

Skill      XL: |  1  2  3  4  5  6  7  8  9 10 11 |
---------------+----------------------------------+-----
Axes           | 3 4 5 6 7 9 |  9.6
Fighting       | 4 5 6 7 9 |  9.7
Armour         | 3 5 7 |  7.9
Dodging        | 7 |  7.6
Shields        | 4 |  4.3

Action                   |  1- 3 |  4- 6 |  7- 9 | 10-12 || total
-------------------------+-------+-------+-------+-------++-------
Melee: Hand axe          |   112 |   182 |   485 |       ||   779
       Headbutt          |       |       |   107 |    92 ||   199
       Battleaxe         |       |       |       |   330 ||   330
       War axe           |       |       |       |    63 ||    63
Invok: Berserk           |     1 |     3 |     4 |     8 ||    16
       Trog's Hand       |       |     1 |     2 |       ||     3
       Burn Spellbooks   |       |       |       |     1 ||     1
  Use: Scroll            |     9 |     3 |    10 |     7 ||    29
       Potion            |       |     1 |       |     2 ||     3
 Stab: Distracted        |       |       |     1 |       ||     1
  Eat: Chunk             |     3 |     7 |     6 |    18 ||    34
       Royal jelly       |       |     1 |     2 |     1 ||     4
       Bread ration      |       |       |     1 |       ||     1
       Pizza             |       |       |     3 |     1 ||     4
       Beef jerky        |       |       |       |     2 ||     2
Armor: Animal skin       |     3 |       |       |       ||     3
       Ring mail         |    14 |    66 |     4 |       ||    84
       Chain mail        |       |       |   265 |   218 ||   483
Dodge: Dodged            |    65 |    83 |   170 |   259 ||   577
Block: Buckler           |       |       |       |    14 ||    14
